 Dungeon Sprint DCSS version 0.29-a0-119-g4040846114 (webtiles) character file.

Game seed: 11953382440741498539

3982 mhtbhm the Scorcher (level 10, -4/52 HPs)
             Began as a Deep Elf Fire Elementalist on Feb 19, 2022.
             Was the Champion of Vehumet.
             Slain by a merfolk (18 damage)
             ... in the Dungeon (Sprint V: "Ziggurat Sprint").
             The game lasted 00:10:07 (1382 turns).

mhtbhm the Scorcher (Deep Elf Fire Elementalist)    Turns: 1382, Time: 00:10:08

Health: -4/52      AC:  5    Str:  5    XL:     10   Next: 2%
Magic:  24/29      EV: 18    Int: 37    God:    Vehumet [******]
Gold:   0          SH:  0    Dex: 15    Spells: 25/35 levels left

rFire   + . .      SeeInvis .   r - +8 lance "Wyrmbane" {slay drac, rPois rF+ rC+ AC+3}
rCold   + . .      Faith    .   (no shield)
rNeg    . . .      Spirit   .   a - +0 robe
rPois   +          Reflect  .   (no helmet)
rElec   .          Harm     .   (no cloak)
rCorr   .          Rampage  .   (no gloves)
Will    +....      NoTele   +   (no boots)
Stlth   ++++......              t - amulet of the acrobat
HPRegen 0.17/turn               u - +6 ring of intelligence
MPRegen 0.21/turn               v - +6 ring of intelligence

@: no status effects
A: no striking features
a: Renounce Religion


You were in the Dungeon.
You worshipped Vehumet.
Vehumet was exalted by your worship.
You visited 1 branch

Inventory:

Hand Weapons
 r - the +8 lance "Wyrmbane" (weapon) {slay drac, rPois rF+ rC+ AC+3}
   (You found it in the Dungeon)

   It inflicts extra damage against dragons and draconians.
   AC:        It affects your AC (+3).
   rF:        It protects you from fire.
   rC:        It protects you from cold.
   rPois:     It protects you from poison.
Armour
 a - a +0 robe (worn)
Jewellery
 q - a ring of protection from fire
 t - an amulet of the acrobat (around neck)
 u - a +6 ring of intelligence (left hand)
 v - a +6 ring of intelligence (right hand)
 C - the ring of Joy {rF++ Str+6}
   (You found it in the Dungeon)

   [ring of strength]

   Str:       It affects your strength (+6).
   rF:        It greatly protects you from fire.
Wands
 y - a wand of mindburst (7)
 A - a wand of acid (1)
Scrolls
 g - 4 scrolls of blinking
 m - 4 scrolls of amnesia
 n - 6 scrolls of fog
 o - a scroll of holy word
 p - 5 scrolls of identify
 z - a scroll of brand weapon
Potions
 b - 8 potions of curing
 c - 7 potions of heal wounds
 d - 6 potions of haste
 e - 7 potions of magic
 f - 2 potions of berserk rage
 h - 2 potions of brilliance
 i - 2 potions of invisibility
 j - 4 potions of resistance
 k - a potion of experience
 l - 5 potions of might
Miscellaneous
 s - a phantom mirror
 w - a phial of floods
 x - a tin of tremorstones (2/2)
 B - a lightning rod (4/4)


   Skills:
 + Level 1.1 Fighting
 + Level 2.1 Polearms
 + Level 11.2 Dodging
 + Level 8.5 Stealth
 + Level 13.4 Spellcasting
 + Level 5.2 Conjurations
 + Level 16.5 Fire Magic
 + Level 9.3 Evocations


You had 25 spell levels left.
You knew the following spells:

 Your Spells              Type           Power      Damage    Failure   Level
a - Foxfire               Conj/Fire      100%       2x1d9     0%          1
b - Scorch                Fire           100%       2d10      0%          2
c - Inner Flame           Hex/Fire       72%        N/A       1%          3
d - Flame Wave            Conj/Fire      81%        2d14      1%          4

Your spell library contained the following spells:

 Spells                   Type           Power      Damage    Failure   Level
 Starburst                Conj/Fire      40%        6d12      1%          6
 Apportation              Tloc           48%        N/A       1%          1
 Sting                    Tmut/Pois      96%        1d7       1%          1
 Conjure Flame            Conj/Fire      81%        6-21      1%          3
 Stone Arrow              Conj/Erth      88%        3d12      1%          3
 Passwall                 Tmut/Erth      20%        N/A       2%          2
 Gell's Gravitas          Tloc           24%        N/A       4%          3
 Tukima's Dance           Hex            24%        N/A       4%          3
 Airstrike                Air            12%        N/A       4%          4
 Lightning Bolt           Conj/Air       22%        1d37      4%          5
 Yara's Violent Unravell  Hex/Tmut       12%        3d7       11%         5
 Animate Armour           Summ/Erth      48%        N/A       16%         4
 Passage of Golubria      Tloc           24%        N/A       16%         4
 Summon Lightning Spire   Summ/Air       24%        N/A       16%         4
 Manifold Assault         Tloc           24%        N/A       38%         5
 Silence                  Hex/Air        12%        N/A       38%         5


Dungeon Overview and Level Annotations

Branches:
Dungeon (1/1)

Altars:
Ashenzari
Cheibriados
Dithmenos
Elyvilon
Fedhas
Gozag
Hepliaklqana
Kikubaaqudgha
Makhleb
Nemelex Xobeh
Okawaru
Qazlal
Ru
Sif Muna
Trog
Uskayaw
Vehumet
Wu Jian
Xom
Yredelemnul
Zin
The Shining One
Beogh
Jiyva
Lugonu

Annotations:
D 1 transporter


Message History

The wind drake is moderately wounded.
The flame wave engulfs the wind drake.
The wind drake is lightly wounded.
The wind drake flaps its wings at you. The air twists around and strikes you!!
A wave of flame ripples out!
The flame wave engulfs the wind drake!
The wind drake is moderately wounded.
The flame wave engulfs the wind drake!
The wind drake is heavily wounded.
The flame wave engulfs the merfolk!
The merfolk is moderately wounded.
The flame wave engulfs the merfolk!
The merfolk is moderately wounded.
The flame wave engulfs the centaur!
The centaur is severely wounded.
The flame wave engulfs the merfolk!
The merfolk is moderately wounded.
The wind drake flaps its wings at you. The air twists around and strikes you!
The merfolk completely misses you.
The wind drake exhales a fierce blast of wind!
You are blown backwards!
The centaur wields a +0 shortbow.
The centaur shoots an arrow.
The arrow barely misses you. The wind drake flaps its wings at you.
The air twists around and strikes you!
* * * LOW HITPOINT WARNING * * *
The wind drake completely misses you. The merfolk barely misses you.
Unknown command.
Unknown command.
You feel much better. The merfolk barely misses you. The merfolk misses you.
The wind drake flaps its wings at you. The air twists around and strikes you!
* * * LOW HITPOINT WARNING * * *
The merfolk closely misses you.
Unknown command.
You feel much better. The wind drake flaps its wings at you.
The air twists around and strikes you! The wind drake bites you.
* * * LOW HITPOINT WARNING * * *
The merfolk hits you from afar with a +2 trident of freezing!!
You die...

▓...8©8...▓..8©8..▓
▓..::=)|..▓..[)...▓
▓...}}[...▓...|)..▓
▓.........▓.......▓
▓.........▓..))...▓
▓....C....▓..(....▓
▓..mk.mm..▓..[))..▓
▓...ckk...▓.▓...▓.▓
▓....@....▓...©...▓
▓▓▓▓▓▓▓▓▓▓▓▓▓▓▓▓▓▓▓


You could see 3 wind drakes, 3 merfolk, a cyclops and a centaur.

Vanquished Creatures
  A cyclops (D)
  2 naga magi (D)
  A polar bear (D)
  2 merfolk (D)
  2 tarantellas (D)
  A yak (D)
  4 fire elementals (D)
  A naga (D)
  2 water moccasins (D)
  4 necrophages (D)
  3 centaurs (D)
  A phantom (D)
  2 bullfrogs (D)
  2 scorpions (D)
  A quasit (D)
  An iguana (D)
  An iron imp (D)
  A white imp (D)
  A jackal (D)
  2 ball pythons (D)
  A ball python zombie (D)
  A fire vortex (D)
37 creatures vanquished.

Vanquished Creatures (others)
  13 foxfires (D)
13 creatures vanquished.

Grand Total: 50 creatures vanquished

Notes
Turn   | Place    | Note
-------+----------+-------------------------------------------
     0 | D        | mhtbhm the Deep Elf Fire Elementalist began the quest for
                  | the Orb.
     0 | D        | Reached XP level 1. HP: 10/10 MP: 6/6
     0 | D        | Found a shimmering blue altar of Sif Muna.
     0 | D        | Found a bloodstained altar of Trog.
     0 | D        | Found a sacrificial altar of Ru.
     0 | D        | Found a stormy altar of Qazlal.
     0 | D        | Found an iron altar of Okawaru.
     1 | D        | Found a sparkling altar of Nemelex Xobeh.
     1 | D        | Found a blossoming altar of Fedhas.
     1 | D        | Found the +6 Majin-Bo {vamp, MP+6 Int+6}
     1 | D        | Found the +9 heavy crossbow "Sniper" {vorpal, Acc+∞ SInv}
     1 | D        | Found the +10 dark maul {vorpal}
     1 | D        | Found the +15 Maxwell's patent armour {-Cast -Tele rElec
                  | Will+ rCorr}
     1 | D        | Found the +18 shield of the Gong {rElec rN+ Will+ EV-5}
     1 | D        | Found the +14 obsidian axe {vorpal, Mesm Drain Fly SInv}
     1 | D        | Found the +7 great mace "Firestarter" {inner flame, rF++}
     1 | D        | Found the +6 shillelagh "Devastator" {shatter}
     1 | D        | Found the +11 plutonium sword {Contam Stlth-}
     1 | D        | Found the +8 lance "Wyrmbane" {slay drac, rPois rF+ rC+
                  | AC+3}
     1 | D        | Found the +9 sword of Zonguldrok {reap}
     1 | D        | Found the +13 scythe of Curses {drain, Drain}
     1 | D        | Found the +5 sword of Power {vorpal}
     1 | D        | Found the +7 mace of Variability {chain chaos}
     1 | D        | Found the +7 Singing Sword {vorpal, sonic wave}
     1 | D        | Found the +8 storm bow {elec, penet}
     3 | D        | Found a transporter.
     3 | D        | Found an ancient bone altar of Kikubaaqudgha.
     3 | D        | Found a viscous altar of Jiyva.
     3 | D        | Found a corrupted altar of Lugonu.
     3 | D        | Found a hazy altar of Hepliaklqana.
     3 | D        | Found a burning altar of Makhleb.
     3 | D        | Found an opulent altar of Gozag.
    44 | D        | Became a worshipper of Vehumet
    63 | D        | Entered arena 2.
    63 | D        | Noticed a necrophage
    63 | D        | Found a transporter.
    66 | D        | Killed a necrophage
    67 | D        | Reached skill level 5 in Spellcasting
    67 | D        | Reached skill level 7 in Fire Magic
    67 | D        | Reached skill level 1 in Evocations
    67 | D        | Reached XP level 2. HP: 14/15 MP: 6/10
    67 | D        | Reached XP level 3. HP: 18/19 MP: 7/12
    67 | D        | Reached XP level 4. HP: 23/24 MP: 7/13
    79 | D        | Learned a level 2 spell: Scorch
    83 | D        | Learned a level 3 spell: Inner Flame
    88 | D        | Learned a level 4 spell: Flame Wave
    92 | D        | Entered arena 3.
    92 | D        | Found a transporter.
    95 | D        | Reached * piety under Vehumet
    95 | D        | Offered knowledge of Magic Dart by Vehumet.
   102 | D        | Reached skill level 8 in Fire Magic
   104 | D        | Reached ** piety under Vehumet
   105 | D        | Reached skill level 5 in Dodging
   105 | D        | Reached XP level 5. HP: 18/28 MP: 4/16
   314 | D        | Got the Grimoire of Earthen Air
   326 | D        | Entered arena 4.
   326 | D        | Noticed a tarantella
   326 | D        | Noticed a tarantella
   326 | D        | Found a transporter.
   328 | D        | Offered knowledge of Poisonous Vapours by Vehumet.
   329 | D        | Reached skill level 5 in Stealth
   329 | D        | Reached skill level 10 in Fire Magic
   329 | D        | Reached XP level 6. HP: 32/32 MP: 16/18
   329 | D        | Killed a tarantella
   330 | D        | Reached skill level 11 in Fire Magic
   333 | D        | Killed a tarantella
   333 | D        | Reached *** piety under Vehumet
   334 | D        | Reached skill level 12 in Fire Magic
   334 | D        | Reached XP level 7. HP: 36/36 MP: 6/22
   427 | D        | Entered arena 5.
   427 | D        | Found the +12 glaive of Prune {vorpal}
   427 | D        | Found a transporter.
   433 | D        | Reached skill level 10 in Spellcasting
   433 | D        | Reached skill level 13 in Fire Magic
   438 | D        | Reached **** piety under Vehumet
   494 | D        | Entered arena 6.
   494 | D        | Noticed a fire elemental
   494 | D        | Noticed a fire elemental
   494 | D        | Noticed a fire elemental
   494 | D        | Noticed a fire elemental
   494 | D        | Found a transporter.
   497 | D        | Killed a fire elemental
   497 | D        | Offered knowledge of Dazzling Flash by Vehumet.
   498 | D        | Reached skill level 5 in Evocations
   498 | D        | Reached XP level 8. HP: 41/41 MP: 22/24
   499 | D        | Reached skill level 14 in Fire Magic
   500 | D        | Reached ***** piety under Vehumet
   695 | D        | Got the Volume of Warped Toxins
   703 | D        | Entered arena 7.
   703 | D        | Noticed a polar bear
   704 | D        | Found a transporter.
   709 | D        | Offered knowledge of Sticky Flame by Vehumet.
   718 | D        | Killed a polar bear
   719 | D        | Reached skill level 15 in Fire Magic
   719 | D        | Reached XP level 9. HP: 22/46 MP: 12/26
   831 | D        | Got the ring "Ratteh" {Contam rPois rN+ Dex+6}
   879 | D        | Entered arena 8.
   879 | D        | Noticed a cyclops
   879 | D        | Noticed a merfolk
   879 | D        | Noticed a merfolk
   882 | D        | Found a transporter.
   885 | D        | Offered knowledge of Mephitic Cloud by Vehumet.
   887 | D        | Reached skill level 10 in Dodging
   903 | D        | Killed a merfolk
   903 | D        | Reached ****** piety under Vehumet
   905 | D        | Killed a merfolk
   918 | D        | Killed a cyclops
   919 | D        | Reached skill level 1 in Polearms
   919 | D        | Reached skill level 16 in Fire Magic
  1194 | D        | Entered arena 9.
  1194 | D        | Noticed a naga mage
  1194 | D        | Noticed a naga mage
  1196 | D        | Found a transporter.
  1197 | D        | Offered knowledge of Starburst by Vehumet.
  1197 | D        | Killed a naga mage
  1198 | D        | Reached skill level 1 in Fighting
  1199 | D        | Reached skill level 5 in Conjurations
  1199 | D        | Killed a naga mage
  1200 | D        | Reached XP level 10. HP: 22/52 MP: 29/29
  1356 | D        | Got the ring of Joy {rF++ Str+6}
  1375 | D        | Entered arena 10.
  1375 | D        | Noticed a cyclops
  1376 | D        | Found a transporter.
  1382 | D        | Slain by a merfolk

Illustrated notes

Levels and vault maps discovered:
D:        sprint_v [room_start, room_1, room_2, room_3, room_4, room_5, room_6,
          room_7, room_8, room_9, room_10, room_11, room_12, room_13, room_14,
          room_15, room_16, room_17, room_18, room_19, room_20, room_21,
          room_22, room_23, room_24, room_25, room_26, room_27]

Skill      XL: |  1  2  3  4  5  6  7  8  9 |
---------------+----------------------------+-----
Dodging        | 4 5 6 7 8 9 11 | 11.2
Stealth        | 4 5 6 7 8 |  8.5
Spellcasting   | 5 6 7 9 10 11 13 | 13.4
Fire Magic     | 7 8 10 12 13 15 16 | 16.5
Evocations     | 1 2 4 5 7 9 |  9.3
Conjurations   | 2 3 5 |  5.2
Polearms       | 2 |  2.1
Fighting       | 1 |  1.1

Action                   |  1- 3 |  4- 6 |  7- 9 | 10-12 || total
-------------------------+-------+-------+-------+-------++-------
Melee: Lance             |       |     1 |     6 |       ||     7
       Punch             |       |       |     1 |       ||     1
 Cast: Flame Wave        |       |     3 |     8 |     1 ||    12
       Foxfire           |       |     1 |     6 |       ||     7
       Inner Flame       |       |       |     1 |       ||     1
Evoke: Wand              |     3 |     6 |     4 |       ||    13
       Phial of floods   |       |       |     2 |       ||     2
       Tin of tremorston |       |       |     4 |       ||     4
  Use: Scroll            |       |     1 |     2 |       ||     3
       Potion            |       |       |     4 |     2 ||     6
Armor: Robe              |       |     5 |     3 |       ||     8
Dodge: Dodged            |       |    14 |    55 |     7 ||    76

Table legend: (Time is in decaauts)
 A = Elapsed time spent in this place.
 B = Non-inter-level travel time spent in this place.
 C = Inter-level travel time spent in this place.
 D = Time resting spent in this place.
 E = Time spent auto-exploring this place.
 F = Levels seen in this place.
 G = Mean time per level.
                   A        B        C        D        E       F      G
               +--------+--------+--------+--------+--------+-----+--------+
         Total |   1387 |   1387 |      0 |   1075 |      0 |   1 | 1387.0 |
       Dungeon |   1387 |   1387 |      0 |   1075 |      0 |   1 | 1387.0 |
               +--------+--------+--------+--------+--------+-----+--------+

Top non-repeatable levels by time:
       D: 1387 daAuts
